 Dungeon Crawl Stone Soup version 0.31-a0-544-gceb718ecc6 (webtiles) character file.

Game seed: 4696214048554825581

1220 lunkers the Martial Artist (level 9, -4/64 HPs)
             Began as a Meteoran Shapeshifter on Aug 15, 2023.
             Was a Believer of Okawaru.
             Killed from afar by a steam dragon (20 damage)
             ... with a ball of steam
             ... on level 6 of the Dungeon.
             The game lasted 00:06:15 (2332 turns).

lunkers the Martial Artist (Meteoran Shapeshifter)  Turns: 2332, Time: 00:06:15

Health: -4/64      AC:  5    Str: 16    XL:     9   Next: 4%
Magic:  13/13      EV: 17    Int: 11    God:    Okawaru [**....]
Gold:   240        SH:  0    Dex: 19    Spells: 8/8 levels left

rFire   . .          .
                       - Unarmed
rCold   + . .        (no shield)
rNeg    . . .        t - +2 leather armour {rC+}
rPois   .            (helmet currently unavailable)
rElec   .            (cloak currently unavailable)
rCorr   .            (gloves currently unavailable)
SInv    .            (boots currently unavailable)
Will    +....        (no amulet)
Stlth   +            v - +5 ring of evasion
HPRegen 0.30/turn    (no ring)
MPRegen 0.13/turn

%: no passive effects
@: beast-form, glowing
A: beast (slay +4), sense surroundings 2, otherworldly, glowing, explore regen
a: Begin Untransformation, Renounce Religion, Heroism


You were on level 6 of the Dungeon.
You worshipped Okawaru.
Okawaru was pleased with you.
You were a hulking beast.
You visited 1 branch of the dungeon, and saw 6 of its levels.

You collected 240 gold pieces.

Inventory:

Missiles
 e - 4 javelins
 w - a throwing net
Armour
 a - a +0 animal skin
 i - a +0 chain mail
 l - a +0 pair of gloves
 q - a +0 tower shield
 t - a +2 leather armour of cold resistance (worn)
Jewellery
 v - a +5 ring of evasion (left hand)
 x - a ring of ice
Talismans
 c - a beast talisman (active)
 d - a flux talisman
Scrolls
 f - a scroll of teleportation {unknown}
 j - 3 scrolls of fear {unknown}
 k - a scroll of silence {unknown}
 n - a scroll of identify {unknown}
 o - a scroll of enchant armour {unknown}
 p - a scroll of amnesia {unknown}
 s - a scroll of fog {unknown}
Potions
 b - a potion of heal wounds {unknown}
 g - a potion of ambrosia {unknown}
 h - 2 potions of curing {unknown}
 m - a potion of might {unknown}
 r - a potion of degeneration {unknown}
 u - a potion of attraction {unknown}
 z - a potion of mutation {unknown}


   Skills:
 - Level 1.1 Fighting
 - Level 2.1 Dodging
 * Level 9.7 Unarmed Combat
 + Level 4.4 Invocations
 + Level 6.4 Shapeshifting


You had 8 spell levels left.
You didn't know any spells.
Your spell library contained the following spells:

 Spells                   Type           Power      Damage    Failure   Level
 Freeze                   Ice            0%         1d3       41%         1
 Shock                    Conj/Air       0%         1d3       41%         1
 Frozen Ramparts          Ice            0%         1d1       78%         3
 Hailstorm                Conj/Ice       0%         3d3       78%         3
 Swiftness                Air            0%         N/A       78%         3
 Airstrike                Air            0%         2d(0-16)  99%         4


Dungeon Overview and Level Annotations

Branches:
Dungeon (6/15) Zot: 1287
 Temple: D:4-7

Altars:
Ashenzari
Hepliaklqana
Nemelex Xobeh
Okawaru
Wu Jian


Innate Abilities, Weirdness & Mutations

You are a hulking beast.
Your limbs bulge with bestial killing power. (Slay +4)
You passively map the area around you.
You are easily found by Zot.
You glow in the dark.
You regain HP and MP as you explore.


Message History

The ball of steam hits you!
* * * LOW HITPOINT WARNING * * *
The steam dragon bites you.
* * * LOW HITPOINT WARNING * * *
The steam dragon closely misses you.
You closely miss the steam dragon.
The steam dragon is heavily wounded.
The steam dragon barely misses you. The steam dragon misses you.
Unknown command.
You barely miss the steam dragon.
The steam dragon is heavily wounded.
The steam dragon completely misses you. The steam dragon barely misses you.
Unknown command.
You hit the steam dragon.
The steam dragon is heavily wounded.
You are engulfed in a cloud of scalding steam.
* * * LOW HITPOINT WARNING * * *
You barely miss the steam dragon.
The steam dragon is heavily wounded.
The steam dragon breathes steam at you. The ball of steam misses you.
You punch the steam dragon!
The steam dragon is almost dead.
You are engulfed in a cloud of scalding steam.
* * * LOW HITPOINT WARNING * * *
The steam dragon barely misses you. The steam dragon misses you.
You closely miss the steam dragon.
The steam dragon is almost dead.
You are engulfed in a cloud of scalding steam.
* * * LOW HITPOINT WARNING * * *
The steam dragon closely misses you. The steam dragon completely misses you.
You hit the steam dragon but do no damage.
The steam dragon is almost dead.
The steam dragon closely misses you.
The steam dragon claws you but does no damage.
You closely miss the steam dragon.
The steam dragon is almost dead.
The steam dragon breathes steam at you. The ball of steam hits you!!
You die...

###### ** #....# ####
, #.##)# .... ,
*#.##.########.... , *
##.##............. * ,
#hD...####..#.####
#....##.####.....###
###..##..........##.
#......###.....##. ,
..,..#.............##.
, ,
.##.###.....#........
*, ... ...............
* ,,
#..#####............ *
>..................


You could see a steam dragon (catching breath).

Vanquished Creatures
  Grinder (D:6)
  A water moccasin (D:5)
  An ice beast (D:6)
  An orc warrior (D:6)
  2 phantoms (D:5)
  A scorpion (D:4)
  An orc priest (D:6)
  A hound (D:4)
  6 iguanas
  Jessica (D:2)
  An orc wizard (D:5)
  2 sleepcaps
  Natasha (thrice) (D:3)
  4 adders
  2 ufetubi
  A worm (D:2)
  2 dart slugs
  13 orcs
  5 bats
  5 endoplasms
  2 giant cockroaches (D:2)
  7 goblins
  7 hobgoblins
  5 kobolds
  7 ball pythons
  2 frilled lizards
  4 rats
88 creatures vanquished.

Notes
Turn   | Place    | Note
-------+----------+-------------------------------------------
     0 | D:1      | lunkers the Meteoran Shapeshifter began the quest for the
                  | Orb.
     0 | D:1      | Reached XP level 1. HP: 16/16 MP: 2/2
   163 | D:1      | Reached XP level 2. HP: 23/23 MP: 3/3
   176 | D:1      | Reached skill level 4 in Unarmed Combat
   328 | D:2      | Reached XP level 3. HP: 28/28 MP: 4/4
   336 | D:2      | Reached XP level 4. HP: 21/35 MP: 5/5
   365 | D:2      | Found an ornate altar of the Wu Jian Council.
   423 | D:2      | Reached skill level 5 in Unarmed Combat
   444 | D:2      | Noticed Jessica
   453 | D:2      | Killed Jessica
   473 | D:2      | Reached XP level 5. HP: 40/40 MP: 6/6
   667 | D:3      | Found a faded altar of an unknown god.
   825 | D:3      | Noticed Natasha
   830 | D:3      | Killed Natasha
   885 | D:3      | Noticed Natasha
   891 | D:3      | Killed Natasha
   892 | D:3      | Reached skill level 6 in Unarmed Combat
   909 | D:3      | Noticed Natasha
   919 | D:3      | Killed Natasha
   920 | D:3      | Reached XP level 6. HP: 37/47 MP: 7/7
  1039 | D:4      | Reached skill level 5 in Shapeshifting
  1199 | D:4      | Found a hazy altar of Hepliaklqana.
  1232 | D:4      | Reached skill level 7 in Unarmed Combat
  1245 | D:4      | Found an iron altar of Okawaru.
  1267 | D:4      | Reached XP level 7. HP: 35/52 MP: 8/8
  1288 | D:4      | Became a worshipper of Warmaster Okawaru
  1309 | D:5      | Entered Level 5 of the Dungeon
  1388 | D:5      | Reached skill level 1 in Invocations
  1451 | D:5      | Reached skill level 8 in Unarmed Combat
  1605 | D:5      | Found a broken altar of Ashenzari.
  1688 | D:5      | Reached * piety under Okawaru
  1815 | D:5      | Noticed a water moccasin
  1827 | D:5      | Killed a water moccasin
  1828 | D:5      | Reached XP level 8. HP: 14/59 MP: 10/10
  1835 | D:5      | HP: 4/88 [poisoned by a water moccasin]
  2118 | D:6      | Noticed Grinder
  2126 | D:6      | Reached skill level 9 in Unarmed Combat
  2139 | D:6      | Killed Grinder
  2139 | D:6      | Reached ** piety under Okawaru
  2171 | D:6      | Noticed a steam dragon
  2183 | D:6      | Gained mutation: You passively map the area around you.
                  | [Meteoran growth]
  2183 | D:6      | Reached XP level 9. HP: 23/64 MP: 13/13
  2233 | D:6      | Found a sparkling altar of Nemelex Xobeh.
  2332 | D:6      | Killed from afar by a steam dragon

Illustrated notes

Levels and vault maps discovered:
D:1:      ncdulo_watergridlock, layout_basic, minmay_misc_feat_tiny,
          minmay_stone_trees_medium
D:2:      layout_rooms, basic_altar, serial_bayou_lagoon_a, uniq_jessica
D:3:      layout_loops_cross, hellmonk_ecumenical_altar_zigzags,
          grunt_ministairs_13, minmay_statues_item, uniq_natasha
D:4:      layout_gridville, amcnicky_altar_gilded,
          mainiacjoe_overflow_catch_the_wave, nicolae_letterblocks
          [nicolae_letter_subblock, nicolae_letter_subblock,
          nicolae_letter_subblock, nicolae_letter_subblock,
          nicolae_letter_subblock, nicolae_letter_subblock,
          nicolae_letter_subblock, nicolae_letter_subblock,
          nicolae_letter_subblock, nicolae_letter_subblock,
          nicolae_letter_subblock, nicolae_letter_subblock,
          nicolae_letter_subblock, nicolae_letter_subblock,
          nicolae_letter_subblock, nicolae_letter_subblock,
          nicolae_letter_subblock, nicolae_letter_subblock,
          nicolae_letter_subblock, nicolae_letter_subblock,
          nicolae_letter_subblock, nicolae_letter_subblock,
          nicolae_letter_subblock, nicolae_letter_subblock,
          nicolae_letter_subblock]
D:5:      layout_loops_ring, kennysheep_mini, chequers_decorated_corner,
          kennysheep_small_spiral
D:6:      layout_basic, nemelex_xobeh_ov_fountains_minmay, serial_shops,
          nicolae_shop_behind_doors, glass_columns_a, minmay_tree_intersection,
          uniq_sigmund, uniq_grinder, uniq_pikel

Skill      XL: |  1  2  3  4  5  6  7  8 |
---------------+-------------------------+-----
Unarmed Combat | 4 5 6 7 8 9 |  9.7
Shapeshifting  | 4 5 6 |  6.4
Invocations    | 2 4 |  4.4
Fighting       | |  1.1
Dodging        | |  2.1

Action                     |  1- 3 |  4- 6 |  7- 9 || total
---------------------------+-------+-------+-------++-------
  Melee: Unarmed           |    30 |   153 |   111 ||   294
         Punch             |       |     3 |     3 ||     6
    Use: Potion            |       |       |     1 ||     1
 Armour: Animal skin       |     3 |       |       ||     3
         Chain mail        |     4 |    50 |       ||    54
         Leather armour    |       |     3 |    13 ||    16
         Skin              |       |       |     6 ||     6
  Dodge: Dodged            |     8 |    59 |    52 ||   119

Table legend: (Time is in decaauts)
 A = Elapsed time spent in this place.
 B = Non-inter-level travel time spent in this place.
 C = Inter-level travel time spent in this place.
 D = Time resting spent in this place.
 E = Time spent auto-exploring this place.
 F = Levels seen in this place.
 G = Mean time per level.
                   A        B        C        D        E       F      G
               +--------+--------+--------+--------+--------+-----+--------+
         Total |   2312 |   2242 |     70 |      0 |   1511 |   6 |  385.3 |
       Dungeon |   2312 |   2242 |     70 |      0 |   1511 |   6 |  385.3 |
               +--------+--------+--------+--------+--------+-----+--------+

Top non-repeatable levels by time:
     D:5: 831 daAuts
     D:3: 391 daAuts
     D:4: 384 daAuts
     D:2: 297 daAuts
     D:1: 245 daAuts
     D:6: 161 daAuts
